 Dungeon Crawl Stone Soup version 0.31-a0-771-g505c3d19dc (webtiles) character file.

Game seed: 14983486053760132989

140 MackTheKnife the Sneak (level 5, -7/26 HPs)
             Began as a Spriggan Wanderer on Sept 16, 2023.
             Killed by divine providence
             ... invoked by an orc priest
              (15 damage)
             ... on level 4 of the Dungeon.
             The game lasted 00:04:25 (2548 turns).

MackTheKnife the Sneak (Spriggan Wanderer)          Turns: 2548, Time: 00:04:26

Health: -7/26      AC:  3    Str: 11    XL:     5   Next: 2%
Magic:  6/6        EV: 19    Int: 12    God:
Gold:   198        SH:  0    Dex: 21    Spells: 4/4 levels left

rFire   . . .        a - +2 short sword {short}
rCold   . . .        (no shield)
rNeg    . . .        e - +0 robe
rPois   +            c - +0 hat
rElec   .            p - +0 cloak
rCorr   .            (gloves unavailable)
SInv    +            (boots unavailable)
Will    .....        (no amulet)
Stlth   ++++         b - ring of poison resistance
HPRegen 0.24/turn    u - +6 ring of strength
MPRegen 0.10/turn

%: no passive effects
@: very quick
A: very small, no large weapons, unfitting armour, see invisible, speed 3
a: no special abilities


You were on level 4 of the Dungeon.
You visited 1 branch of the dungeon, and saw 4 of its levels.

You collected 198 gold pieces.


Innate Abilities, Weirdness & Mutations

You are very small and have problems with some larger weapons.
You are too small for most types of armour.
You have supernaturally acute eyesight. (SInv)
You cover ground extremely quickly. (Speed+++)


   Skills:
 + Level 2.0 Fighting
 + Level 4.2 Short Blades
 - Level 1.3 Polearms
 + Level 3.4 Dodging
 + Level 5.8 Stealth


You had 4 spell levels left.
You didn't know any spells.
Your spell library contained the following spells:

 Spells                   Type           Power      Damage    Failure   Level
 Sublimation of Blood     Necr           0%         N/A       45%         2
 Petrify                  Tmut/Erth      0%         N/A       97%         4
 Irradiate                Conj/Tmut      0%         3d11      100%        5

Inventory:

Hand Weapons
 a - a +2 short sword (weapon) {short}
Armour
 c - a +0 hat (worn)
 e - a +0 robe (worn)
 h - a +0 buckler
   (You found it on level 1 of the Dungeon)
 p - a +0 cloak (worn)
   (You found it on level 2 of the Dungeon)
Jewellery
 b - a ring of poison resistance (left hand)
   (You found it on level 2 of the Dungeon)
 m - an amulet of faith {!P}
   (You found it on level 1 of the Dungeon)
 q - a ring of protection from fire
   (You found it on level 2 of the Dungeon)
 r - a ring of resist corrosion
   (You found it on level 2 of the Dungeon)
 u - a +6 ring of strength (right hand)
   (You found it on level 3 of the Dungeon)
Talismans
 l - a granite talisman
   (You found it on level 1 of the Dungeon)
Scrolls
 d - a scroll of fear
 f - 3 scrolls of identify {unknown}
 k - a scroll of enchant armour {unknown}
 n - a scroll of fog {unknown}
 o - a scroll of teleportation {unknown}
 t - a scroll of butterflies {unknown}
Potions
 g - 2 potions of might {unknown}
 i - a potion of haste {unknown}
 j - 2 potions of attraction {unknown}
 s - a potion of degeneration {unknown}
 v - a potion of curing {unknown}

Dungeon Overview and Level Annotations

Branches:
Dungeon (4/15) Zot: 22344
 Temple: D:4-7

Altars:
Elyvilon
Hepliaklqana
Sif Muna
Yredelemnul

Shops:
D:2 [   D:4 [

Annotations:
D:3 exclusions: 2 orcs and 2 orc priests
D:4 1 runed translucent door, gabibbone's ghost, amateur TeRe

..o.......# #.#
..>.....#######.#
#########o....# #.......
..............###.####.#
...........!....#.##...#
................#.##.#.#
................#.##.#.#
................#.##.#.#
#######@...######.##...#
#....######..#.#.#
##....#......#....
##.#........#.#.#
#.#........#..†.
#.#...###.....##
#....##W##....#
.....##...##...#
.....##..?..##..#


You could see an orc priest.


Message History

You remove your ring of protection from fire.
You feel stronger.
u - a +6 ring of strength (right hand)
The orc priest miscasts a cantrip.
There is an open door here.
There is an open door here.
You can't go down here!
There is a stone staircase leading down here.
You climb downwards.
There is a stone staircase leading up here.
Found a stone staircase leading down.
Found Cuzune's Armour Shop.
v - a fuming dark potion You see here a +0 hand axe {axe}.
You now have 192 gold pieces (gained 8).
An iguana comes into view.
An iguana is nearby!
Okay, then.
You see here a book of Alchemy.
You pick up a book of Alchemy and begin reading...
You add the spells Sublimation of Blood, Petrify and Irradiate to your library.
You barely miss the iguana. The iguana bites you! 😮 HP[-11]
You take 11 damage, and now have 12/23 hp.
MASSIVE DAMAGE!! (PAUSE)
The iguana hisses menacingly. 😮 HP[+1]
Okay, then.
Okay, then. 😮 HP[+1] 😮 HP[+1]
There is an entrance to Cuzune's Armour Shop here. 😮 HP[+1] Unknown command.
Found an escape hatch in the ceiling. 😮 HP[+1]
You start resting. 😎 HP[+6]
Your hp is fully restored (23).
Key pressed, stopping explore.
You now have 198 gold pieces (gained 6).
There is a stone staircase leading down here.
Gabibbone's ghost turns its malevolent gaze towards you.
A hobgoblin comes into view.
The hobgoblin misses you.
You puncture the hobgoblin!
You kill the hobgoblin!
No reachable target in view!
No reachable target in view!
No reachable target in view!
No reachable target in view!
A worm comes into view.
A worm is nearby!
The helpless worm fails to defend itself.
You impale the worm!!
You kill the worm!
You have reached level 5!
You feel agile. 😎 HP[+3] MP[+1]
You now have 26 max hp (+3).
Your hp is fully restored (26).
Your mp is fully restored (6).
Found a stone staircase leading up.
An orc comes into view. It is wielding a +0 club.
The orc shouts!
An orc is nearby!
The orc closely misses you.
You puncture the orc!
You kill the orc!
No target in view!
Key pressed, stopping explore.
You see here a hobgoblin corpse.
Found a runed translucent door.
A hobgoblin comes into view.
Found a stone staircase leading down.
An orc priest comes into view. It is wielding a +0 flail.
The orc priest shouts!
The hobgoblin shouts!
The hobgoblin hits you.
An orc comes into view. It is wielding a +0 dagger.
You hear a shout! 😕 HP[-3]
You take 3 damage, and now have 23/26 hp.
You hit the hobgoblin.
You hear an angry hiss.
You barely miss the hobgoblin.
The hobgoblin hits you but does no damage.
Unknown command.
You hit the hobgoblin.
You kill the hobgoblin!
The orc priest mumbles some strange prayers to Beogh against you.
Beogh smites you!
Ouch! That really hurt!
* * * LOW HITPOINT WARNING * * *
😨 HP[-16]
You take 16 damage, and now have 7/26 hp.
MASSIVE DAMAGE!! (PAUSE) 😨 HP[+1]
The orc priest invokes the aid of Beogh against you.
Beogh smites you!
Ouch! That really hurt!
You die...

Skill      XL: |  1  2  3  4 |
---------------+-------------+-----
Dodging        | 2 3 |  3.4
Stealth        | 5 |  5.8
Short Blades   | 4 |  4.2
Fighting       | 2 |  2.0
Polearms       | |  1.3

Action                     |  1- 3 |  4- 6 || total
---------------------------+-------+-------++-------
  Melee: Short sword       |    88 |    73 ||   161
   Stab: Sleeping          |    20 |     8 ||    28
         Distracted        |       |     2 ||     2
 Armour: Robe              |    14 |    14 ||    28
  Dodge: Dodged            |    42 |    45 ||    87

Levels and vault maps discovered:
D:1:      dpeg_arrival_pond, layout_loops_ring
D:2:      layout_rooms, serial_shops, nicolae_shop_rolling_square,
          corner_web_ring, minmay_quadrilaterals
D:3:      cheibrodos_greedy_goblins, layout_loops_ring,
          gammafunk_temple_overflow_elements,
          mainiacjoe_overflow_large_starburst, minmay_fountain_box
D:4:      layout_basic, hellmonk_ghost_happy_afterlife, serial_shops, shop

Notes
Turn   | Place    | Note
-------+----------+-------------------------------------------
     0 | D:1      | MackTheKnife the Spriggan Wanderer began the quest for the
                  | Orb.
     0 | D:1      | MackTheKnife set off with the following items: a +2 short
                  | sword {short}, a +0 spear {polearm}, a +0 hat, a scroll of
                  | fear, a +0 robe.
     0 | D:1      | Reached XP level 1. HP: 10/10 MP: 2/2
     0 | D:1      | magus.rc [v1.9.6]
   256 | D:1      | Reached XP level 2. HP: 11/14 MP: 3/3
   345 | D:1      | Reached skill level 2 in Dodging
   395 | D:1      | Reached skill level 5 in Stealth
   489 | D:1      | Reached XP level 3. HP: 18/18 MP: 4/4
   909 | D:2      | Found Cusyhew's Armour Shop.
  1542 | D:3      | Reached XP level 4. HP: 23/23 MP: 5/5
  1549 | D:3      | Reached skill level 4 in Short Blades
  1661 | D:3      | Reached skill level 3 in Dodging
  1718 | D:3      | Found a basalt altar of Yredelemnul.
  1718 | D:3      | Found a hazy altar of Hepliaklqana.
  1952 | D:3      | Found a shimmering blue altar of Sif Muna.
  1966 | D:3      | Found a white marble altar of Elyvilon.
  2015 | D:3      | Reached skill level 2 in Fighting
  2307 | D:4      | Found Cuzune's Armour Shop.
  2320 | D:4      | You pick up a book of Alchemy and begin reading...
  2320 | D:4      | You add the spells Sublimation of Blood, Petrify and
                  | Irradiate to your library.
  2442 | D:4      | Noticed gabibbone's ghost (amateur TeRe)
  2472 | D:4      | Reached XP level 5. HP: 26/26 MP: 6/6
  2523 | D:4      | Found a runed translucent door.
  2548 | D:4      | Killed from afar by an orc priest

Vanquished Creatures
  4 adders
  A worm (D:4)
  2 dart slugs (D:1)
  8 orcs
  5 bats
  4 endoplasms
  5 giant cockroaches
  13 goblins
  13 hobgoblins
  4 quokkas
  7 ball pythons
  A frilled lizard (D:2)
  7 kobolds
  6 rats
80 creatures vanquished.

Table legend:
 A = Non-vault XP
 B = Vault XP
 C = Vault XP percentage of total XP
 D = Non-vault monster count
 E = Vault monster count
 F = Vault count percentage of total count
                 A         B        C        D         E       F
            +---------+---------+-------+---------+---------+-------
      Total |     186 |      15 |   7.5 |      71 |       9 |  11.2
            +---------+---------+-------+---------+---------+-------
        D:1 |      51 |       0 |   0.0 |      27 |       0 |   0.0
        D:2 |      32 |       2 |   5.9 |      13 |       2 |  13.3
        D:3 |      91 |      13 |  12.5 |      27 |       7 |  20.6
        D:4 |      12 |       0 |   0.0 |       4 |       0 |   0.0
            +---------+---------+-------+---------+---------+-------

Skill      XL: |  1  2  3  4 |
---------------+-------------+-----
Dodging        | 2 3 |  3.4
Stealth        | 5 |  5.8
Short Blades   | 4 |  4.2
Fighting       | 2 |  2.0
Polearms       | |  1.3

Action                     |  1- 3 |  4- 6 || total
---------------------------+-------+-------++-------
  Melee: Short sword       |    88 |    73 ||   161
   Stab: Sleeping          |    20 |     8 ||    28
         Distracted        |       |     2 ||     2
 Armour: Robe              |    14 |    14 ||    28
  Dodge: Dodged            |    42 |    45 ||    87

Illustrated notes

Table legend:
 A = Kills in this place as a percentage of kills in the entire game.
 B = Kills by you in this place as a percentage of kills by you in the entire game.
 C = Kills by friends in this place as a percentage of kills by friends in the entire game.
 D = Other kills in this place as a percentage of other kills in the entire game.
 E = Experience gained in this place as a percentage of experience gained in the entire game.
 F = Experience gained in this place divided by the number of levels of this place that you have seen.
                   A       B       C       D       E      F
               +-------+-------+-------+-------+-------+----------------------
         Total | 100.0 | 100.0 |   N/A |   N/A | 100.0 |  50.2
       Dungeon | 100.0 | 100.0 |   N/A |   N/A | 100.0 |  50.2
               +-------+-------+-------+-------+-------+----------------------

Table legend: (Time is in decaauts)
 A = Elapsed time spent in this place.
 B = Non-inter-level travel time spent in this place.
 C = Inter-level travel time spent in this place.
 D = Time resting spent in this place.
 E = Time spent auto-exploring this place.
 F = Levels seen in this place.
 G = Mean time per level.
                   A        B        C        D        E       F      G
               +--------+--------+--------+--------+--------+-----+--------+
         Total |   1654 |   1635 |     19 |     94 |   1088 |   4 |  413.5 |
       Dungeon |   1654 |   1635 |     19 |     94 |   1088 |   4 |  413.5 |
               +--------+--------+--------+--------+--------+-----+--------+

Top non-repeatable levels by time:
     D:3: 584 daAuts
     D:1: 513 daAuts
     D:2: 396 daAuts
     D:4: 160 daAuts
